 Dungeon Sprint DCSS version 0.27-a0-1193-g8631133539 (webtiles) character file.

Game seed: 17773016761243690050

1061 mhtbhm the Thaumaturge (level 8, -5/42 HPs)
             Began as a Deep Elf Earth Elementalist on May 25, 2021.
             Was a High Priest of Vehumet.
             Slain by an orc knight
             ... wielding a +0 great mace
              (37 damage)
             ... in the Dungeon (Sprint VII: "The Pits").
             The game lasted 00:01:50 (1120 turns).

mhtbhm the Thaumaturge (DEEE)                       Turns: 1120, Time: 00:01:51

Health: -5/42      AC:  2    Str:  5    XL:     8   Next: 6%
Magic:  4/28       EV: 14    Int: 23    God:    Vehumet [*****.]
Gold:   0          SH:  0    Dex: 15    Spells: 21/36 levels left

rFire    . . .     SeeInvis .   l - +0 quarterstaff (speed)
rCold    . . .     Faith    .   (shield currently unavailable)
rNeg     . . .     Spirit   .   c - +0 robe
rPois    .         Reflect  .   (no helmet)
rElec    .         Harm     .   (no cloak)
rCorr    .         Rampage  .   (no gloves)
Will     .....     NoTele   +   (no boots)
Stlth    +++.......             (no amulet)
HPRegen  0.14/turn              (no ring)
MPRegen  0.21/turn              (no ring)

@: no status effects
A: no striking features
a: Renounce Religion


You were in the Dungeon.
You worshipped Vehumet.
Vehumet was extremely pleased with you.
You visited 1 branch

Inventory:

Hand Weapons
 l - a +0 quarterstaff of speed (weapon)
Missiles
 b - 26 stones
Armour
 c - a +0 robe (worn)
Scrolls
 i - a scroll of blinking
 j - 5 scrolls of amnesia
 k - a scroll of summoning
Potions
 a - 2 potions of invisibility
 d - 6 potions of curing
 e - 2 potions of heal wounds
 f - a potion of haste
 g - 4 potions of magic
 h - 3 potions of berserk rage


   Skills:
 + Level 0.7 Fighting
 + Level 1.6 Staves
 + Level 4.6 Dodging
 + Level 4.9 Stealth
 + Level 14.6 Spellcasting
 + Level 1.5 Conjurations
 + Level 2.6 Transmutations
 + Level 13.0 Earth Magic


You had 21 spell levels left.
You knew the following spells:

 Your Spells              Type           Power      Damage    Failure   Level
a - Sandblast             Erth           100%       2d20      0%          1
b - Passwall              Tmut/Erth      43%        N/A       1%          2
c - Stone Arrow           Conj/Erth      100%       3d13      1%          3
d - Lee's Rapid Deconstr  Erth           33%        3d18*     1%          5
e - Petrify               Tmut/Erth      52%        N/A       1%          4

Your spell library contained the following spells:

 Spells                   Type           Power      Damage    Failure   Level
 Bolt of Magma            Conj/Fire/Erth 19%        4d10      3%          5


Dungeon Overview and Level Annotations

Branches:
Dungeon (1/1)

Altars:
Ashenzari
Cheibriados
Dithmenos
Elyvilon
Fedhas
Gozag
Hepliaklqana
Kikubaaqudgha
Makhleb
Nemelex Xobeh
Okawaru
Qazlal
Ru
Sif Muna
Trog
Uskayaw
Vehumet
Wu Jian
Xom
Yredelemnul
Zin
The Shining One
Beogh
Jiyva
Lugonu


Message History

Casting: Lee's Rapid Deconstruction (dangerous; 1% risk of failure)
Confirm with . or Enter, or press ? or * to list all spells.
Aiming: Lee's Rapid Deconstruction (dangerous; 1% risk of failure)
Press: ? - help, Dir - move target A metal wall.
The metal wall shatters!
The blast of metal fragments hits the orc knight!!
The orc knight is heavily wounded.
The blast of metal fragments hits the troll!!!
You kill the troll!
Vehumet accepts your kill.
The orc knight hits you with a +0 great mace!!
Ouch! That really hurt!
Your Earth Magic skill increases to level 13!
You have reached level 8!
You feel clever.
Unknown command.
You feel much better.
The orc knight hits you with a +0 great mace!!
Unknown command.
You feel much better.
The orc knight hits you with a +0 great mace!!
You feel much better. The orc knight closely misses you.
Casting: Lee's Rapid Deconstruction (safe; 1% risk of failure)
Confirm with . or Enter, or press ? or * to list all spells.
Aiming: Lee's Rapid Deconstruction (safe; 1% risk of failure)
Press: ? - help, Dir - move target A metal wall.
The metal wall shatters!
The blast of metal fragments hits the orc knight!!
The orc knight is severely wounded.
The orc knight hits you with a +0 great mace!!!
Ouch! That really hurt!
* * * LOW HITPOINT WARNING * * *
Unknown command.
Unknown command.
You feel much better.
The orc knight hits you with a +0 great mace!!!
Ouch! That really hurt!
You die...

#.##'####+###.......#
#.#........##.......#
#.#........##.......#
#.#####'#####...<...#
#.#..[)))..##.......#
#.#..[)))..##.......#
#)###########.......#
#.).....#†.##########
#.###...#@# ###
#.#.....#o# ...#
#.#...#.#)#....#
#.....#.#)†.z3.+
#...###.#'#....#
#.......'.#5oT.#
########### ####


You could see an orc knight.

Vanquished Creatures
  A troll (D)
  A spriggan (D)
  A ynoxinul (D)
  A floating eye (D)
  A sky beast (D)
  A phantom (D)
  3 wights (D)
  A jelly (D)
  An orc priest (D)
  An orc wizard (D)
  2 gnolls (D)
  A river rat (D)
  2 ufetubi (D)
  A bat (D)
  An endoplasm (D)
  A hobgoblin (D)
  6 jackals (D)
  A ball python (D)
  A giant cockroach zombie (D)
  2 kobolds (D)
  A rat (D)
31 creatures vanquished.

Notes
Turn   | Place    | Note
-------+----------+-------------------------------------------
     0 | D        | mhtbhm the Deep Elf Earth Elementalist began the quest for
                  | the Orb.
     0 | D        | Reached XP level 1. HP: 10/10 MP: 6/6
    32 | D        | Found a bloodstained altar of Trog.
    32 | D        | Found a shimmering blue altar of Sif Muna.
    32 | D        | Found a viscous altar of Jiyva.
    32 | D        | Found a hazy altar of Hepliaklqana.
    32 | D        | Found an opulent altar of Gozag.
    33 | D        | Found a glowing golden altar of the Shining One.
    33 | D        | Found a glowing silver altar of Zin.
    33 | D        | Found a basalt altar of Yredelemnul.
    33 | D        | Found a shimmering altar of Xom.
    33 | D        | Found an ornate altar of the Wu Jian Council.
    33 | D        | Found a sacrificial altar of Ru.
    33 | D        | Found a stormy altar of Qazlal.
    33 | D        | Found an iron altar of Okawaru.
    33 | D        | Found a sparkling altar of Nemelex Xobeh.
    33 | D        | Found a burning altar of Makhleb.
    33 | D        | Found a blossoming altar of Fedhas.
    33 | D        | Found a white marble altar of Elyvilon.
    33 | D        | Found a shadowy altar of Dithmenos.
    33 | D        | Found a snail-covered altar of Cheibriados.
    35 | D        | Found a radiant altar of Vehumet.
    35 | D        | Found a corrupted altar of Lugonu.
    36 | D        | Found a hide-covered altar of Uskayaw.
    36 | D        | Found an ancient bone altar of Kikubaaqudgha.
    36 | D        | Found a broken altar of Ashenzari.
    43 | D        | Became a worshipper of Vehumet
    89 | D        | Reached skill level 4 in Spellcasting
    89 | D        | Reached XP level 2. HP: 15/15 MP: 6/9
    93 | D        | Reached * piety under Vehumet
    93 | D        | Offered knowledge of Freeze by Vehumet.
   263 | D        | Learned a level 2 spell: Passwall
   291 | D        | Offered knowledge of Shock by Vehumet.
   292 | D        | Reached ** piety under Vehumet
   310 | D        | Noticed a phantom
   312 | D        | Noticed a floating eye
   318 | D        | Killed a phantom
   319 | D        | Reached skill level 6 in Spellcasting
   319 | D        | Reached XP level 3. HP: 19/19 MP: 5/13
   319 | D        | Reached XP level 4. HP: 24/24 MP: 5/14
   320 | D        | Killed a floating eye
   320 | D        | Reached *** piety under Vehumet
   321 | D        | Reached skill level 9 in Spellcasting
   321 | D        | Reached XP level 5. HP: 28/28 MP: 5/18
   568 | D        | Learned a level 3 spell: Stone Arrow
   574 | D        | Learned a level 5 spell: Lee's Rapid Deconstruction
   579 | D        | Learned a level 4 spell: Petrify
   642 | D        | Noticed a sky beast
   649 | D        | Killed a sky beast
   649 | D        | Offered knowledge of Inner Flame by Vehumet.
   650 | D        | Reached skill level 10 in Spellcasting
   650 | D        | Reached skill level 10 in Earth Magic
   650 | D        | Reached XP level 6. HP: 32/32 MP: 11/21
   653 | D        | Reached **** piety under Vehumet
   880 | D        | Offered knowledge of Olgreb's Toxic Radiance by Vehumet.
  1045 | D        | Offered knowledge of Bolt of Magma by Vehumet.
  1046 | D        | Reached skill level 11 in Spellcasting
  1048 | D        | Noticed a spriggan
  1049 | D        | Killed a spriggan
  1050 | D        | Reached skill level 12 in Spellcasting
  1107 | D        | Reached ***** piety under Vehumet
  1108 | D        | Noticed a ynoxinul
  1108 | D        | Noticed an orc knight
  1108 | D        | Noticed a troll
  1113 | D        | Reached skill level 1 in Staves
  1113 | D        | Reached skill level 1 in Conjurations
  1113 | D        | Reached XP level 7. HP: 35/37 MP: 21/25
  1114 | D        | Reached skill level 13 in Spellcasting
  1114 | D        | Killed a ynoxinul
  1115 | D        | Reached skill level 14 in Spellcasting
  1115 | D        | Killed a troll
  1116 | D        | Reached XP level 8. HP: 14/42 MP: 8/28
  1120 | D        | Slain by an orc knight

Illustrated notes

Levels and vault maps discovered:
D:        pitsprint [storerooms_1, entrance_room_1, metal_vault_4, armoury_3,
          mini_pit_1, grid_room_1, main_hall_1, silver_pit, the_coven_2,
          the_vestibule_1, steel_vault_3, golden_pit, hallway_of_sentries,
          crystal_vault_3, iron_vault_2, final_vault]

Skill      XL: |  1  2  3  4  5  6  7 |
---------------+----------------------+-----
Earth Magic    | 4 7 9 10 11 13 | 13.0
Spellcasting   | 4 6 9 10 12 14 | 14.6
Transmutations | 2 |  2.6
Dodging        | 3 4 |  4.6
Stealth        | 3 4 |  4.9
Staves         | 1 |  1.6
Conjurations   | 1 |  1.5
Fighting       | |  0.7

Action                   |  1- 3 |  4- 6 |  7- 9 || total
-------------------------+-------+-------+-------++-------
Melee: Quarterstaff      |       |     1 |       ||     1
 Cast: Sandblast         |    18 |     3 |       ||    21
       Lee's Rapid Decon |       |    10 |     4 ||    14
       Stone Arrow       |       |     1 |       ||     1
  Use: Potion            |       |       |     4 ||     4
Dodge: Dodged            |    11 |     1 |     1 ||    13

Table legend: (Time is in decaauts)
 A = Elapsed time spent in this place.
 B = Non-inter-level travel time spent in this place.
 C = Inter-level travel time spent in this place.
 D = Time resting spent in this place.
 E = Time spent auto-exploring this place.
 F = Levels seen in this place.
 G = Mean time per level.
                   A        B        C        D        E       F      G
               +--------+--------+--------+--------+--------+-----+--------+
         Total |   1118 |   1118 |      0 |    874 |     33 |   1 | 1118.0 |
       Dungeon |   1118 |   1118 |      0 |    874 |     33 |   1 | 1118.0 |
               +--------+--------+--------+--------+--------+-----+--------+

Top non-repeatable levels by time:
       D: 1118 daAuts
